Map: Acropolis LE

Players

PuMa - Winner!

  • Race: Terran Terran
  • League: Master
  • Spawn Location: 11:00

Mez

  • Race: Terran Terran
  • League: Master
  • Spawn Location: 5:00

VOD

Have the link to the VOD?

Description

Time

  • Played on: Aug. 15, 2019, 9:35 a.m.
  • Length: 27:00
Show
View Real Time Build Order
Export as new Build Order

PuMa Terran - Winner!

Build Orders: Mech 

Get SALT Encoding   

  12  0:01  SCV  
  13  0:13  SCV  
  14  0:17  Supply Depot  
  14  0:25  SCV  
  14  0:28  Refinery  
  15  0:39  SCV  
  16  0:45  Barracks  
  16  0:51  SCV  
  16  0:54  Refinery  
  17  1:03  SCV  
  18  1:15  SCV  
  19  1:31  Orbital Command  
  19  1:32  Reaper  
  20  1:34  Factory  
  20  1:43  Supply Depot  
  20  1:57  SCV  
  21  2:04  Reaper  
  22  2:12  SCV  
  23  2:17  Hellion  
  25  2:24  SCV  
  25  2:26  Command Center  
  26  2:36  Reaper, SCV  
  28  2:39  Hellion  
  30  2:47  Supply Depot  
  30  2:53  SCV, Starport  
  31  3:02  Factory Tech Lab  
  31  3:09  Barracks Reactor, SCV  
  31  3:10  Supply Depot  
  32  3:20  Cyclone  
  32  3:21  SCV  
  36  3:34  SCV  
  36  3:35  Starport Tech Lab  
  35  3:41  Orbital Command  
  35  3:45  Marine x2  
  35  3:46  SCV  
  38  3:57  Raven  
  38  3:59  SCV  
  41  4:07  SCV  
  42  4:11  SCV  
  41  4:17  Siege Tank  
  41  4:18  Marine x2  
  41  4:20  SCV  
  41  4:23  SCV  
  48  4:32  SCV  
  48  4:35  Marine x2  
  48  4:36  SCV  
  48  4:37  Command Center  
  52  4:39  Supply Depot  
  52  4:42  Refinery  
  52  4:44  Refinery, SCV  
  53  4:48  SCV  
  54  4:56  SCV  
  54  4:57  Marine x2  
  54  4:59  Raven  
  59  5:00  SCV  
  58  5:08  SCV  
  58  5:12  Siege Tank, SCV  
  63  5:14  Marine  
  63  5:15  Marine  
  63  5:20  SCV  
  66  5:25  SCV  
  66  5:27  Supply Depot  
  66  5:28  Supply Depot  
  67  5:30  Engineering Bay  
  67  5:32  SCV  
  68  5:37  SCV, Armory  
  68  5:39  Armory  
  69  5:44  SCV  
  69  5:48  Siege Tank  
  69  5:49  SCV  
  74  5:53  Viking  
  74  5:56  Viking, SCV  
  79  6:02  SCV  
  79  6:03  Supply Depot x2  
  80  6:08  SCV  
  81  6:13  Factory  
  81  6:14  SCV  
  82  6:19  Factory  
  82  6:20  SCV  
  83  6:26  SCV  
  84  6:32  Viking  
  84  6:33  Viking, SCV  
  84  6:38  SCV  
  90  6:40  Siege Tank  
  81  6:59  Siege Tank  
  71  7:02  Viking  
  71  7:03  SCV x2  
  67  7:08  Factory Reactor  
  67  7:12  Hellion  
  67  7:15  SCV  
  63  7:29  SCV x2  
  63  7:32  Viking  
  63  7:33  Viking  
  63  7:34  Siege Tank  
  72  7:37  Hellion  
  72  7:41  SCV x2  
  74  7:53  SCV x2  
  74  7:55  Hellion x2  
  74  7:57  Terran Vehicle And Ship Armor Level 1, Terran Vehicle Weapons Level 1  
  74  7:58  Hellion, Orbital Command  
  82  7:59  Refinery x2  
  82  8:02  Viking  
  82  8:04  Viking  
  86  8:05  SCV  
  86  8:06  SCV  
  86  8:07  Hellion  
  86  8:12  Supply Depot  
  90  8:13  Supply Depot  
  90  8:17  Missile Turret  
  90  8:18  SCV x2  
  90  8:19  Missile Turret  
  92  8:20  Hellion  
  92  8:21  Hellion x2  
  92  8:24  SCV  
  99  8:30  SCV  
  99  8:31  SCV  
  99  8:32  Viking  
  99  8:34  Viking  
  98  8:51  Siege Tank x2  
  98  8:52  Hellion x2  
  98  8:54  SCV x2  
  110  8:58  SCV  
  110  9:02  Viking  
  111  9:04  Viking  
  111  9:09  Supply Depot  
  111  9:10  SCV  
  111  9:11  SCV  
  111  9:12  SCV  
  111  9:14  Missile Turret, Hellion  
  111  9:15  Hellion, Infernal Pre-Igniter, Liberator  
  114  9:20  Factory  
  114  9:23  Siege Tank  
  114  9:24  Hellion  
  119  9:30  SCV  
  119  9:31  SCV x2  
  125  9:41  Hellion x2  
  129  9:47  Factory, SCV  
  129  9:48  SCV x2  
  129  9:49  Supply Depot  
  129  9:52  Supply Depot  
  122  9:59  Siege Tank, SCV  
  122  10:00  Siege Tank  
  122  10:01  SCV x2  
  127  10:11  SCV  
  128  10:18  Sensor Tower, Refinery  
  128  10:20  Command Center  
  128  10:23  Sensor Tower  
  128  10:25  Refinery  
  128  10:33  Siege Tank x2, Hellion  
  128  10:34  Hellion  
  138  10:35  Factory Tech Lab x2  
  138  10:37  Terran Vehicle Weapons Level 2  
  138  10:39  Terran Vehicle And Ship Armor Level 2  
  119  10:55  Hellion  
  115  10:58  Siege Tank  
  115  11:00  Siege Tank  
  115  11:02  Hellion  
  123  11:05  Siege Tank  
  123  11:06  Hellion  
  123  11:10  Factory  
  130  11:18  Hellion  
  130  11:22  Factory  
  130  11:23  Hellion  
  132  11:27  Hellion  
  132  11:30  Siege Tank  
  132  11:32  Siege Tank  
  140  11:34  Orbital Command, Liberator  
  140  11:36  Liberator  
  140  11:37  Hellion  
  144  11:40  Hellion  
  144  11:45  Hellion  
  140  11:50  Siege Tank  
  144  11:58  Siege Tank  
  141  12:01  Hellion  
  139  12:16  SCV x3  
  139  12:19  Refinery x2  
  139  12:21  Sensor Tower, SCV, Command Center  
  143  12:25  Refinery  
  143  12:28  SCV  
  143  12:29  Hellion x3, Siege Tank x2  
  156  12:31  Hellion, Factory Tech Lab x2  
  156  12:34  Viking  
  160  12:39  SCV x2  
  160  12:42  SCV  
  160  12:50  Siege Tank x2, Hellion  
  168  12:54  Siege Tank  
  171  13:02  Sensor Tower  
  145  13:08  Siege Tank  
  145  13:09  Siege Tank x2, Hellion  
  145  13:12  Hellion  
  134  13:22  Siege Tank  
  134  13:23  Hellion, Terran Vehicle And Ship Armor Level 3  
  137  13:30  Terran Vehicle Weapons Level 3  
  137  13:31  Hellion  
  137  13:32  Hellion  
  139  13:40  Planetary Fortress  
  139  13:41  Siege Tank  
  142  13:46  Hellion x3  
  142  13:57  Hellion x4  
  147  14:07  Siege Tank x2  
  147  14:08  Hellion  
  155  14:13  Siege Tank  
  158  14:18  Siege Tank x3, Hellion  
  169  14:25  Supply Depot  
  169  14:26  Supply Depot  
  169  14:28  Hellion x11, Supply Depot  
  169  14:29  Hellion  
  171  14:31  Sensor Tower, Missile Turret  
  171  14:33  Missile Turret  
  171  14:37  Command Center  
  171  14:39  Siege Tank  
  174  14:49  Siege Tank  
  174  14:50  Siege Tank x4, Hellion, Supply Depot  
  185  15:03  Liberator x2  
  170  15:15  SCV x3  
  179  15:26  Siege Tank x3  
  179  15:27  Siege Tank x2, Hellion  
  199  15:42  Command Center  
  164  15:55  Cyclone  
  164  15:56  Widow Mine x2  
  165  15:57  Missile Turret  
  165  15:58  Cyclone  
  165  16:02  Viking  
  165  16:03  Viking  
  171  16:12  Siege Tank, Cyclone x3  
  171  16:15  Smart Servos, Mag-Field Accelerator  
  171  16:18  Terran Ship Weapons Level 1  
  183  16:21  Sensor Tower  
  180  16:27  Cyclone  
  180  16:29  SCV  
  180  16:30  Thor  
  170  16:45  Missile Turret  
  170  16:46  Missile Turret x2  
  162  16:48  SCV x3  
  162  16:49  Missile Turret  
  162  16:50  Missile Turret  
  162  16:54  Cyclone  
  149  17:00  Cyclone  
  147  17:14  Thor  
  114  17:27  Siege Tank  
  114  17:28  Siege Tank x2, Hellion x2  
  114  17:29  Widow Mine  
  105  17:38  Planetary Fortress  
  105  17:42  Missile Turret  
  105  17:43  Viking, Missile Turret  
  104  17:44  Missile Turret  
  104  17:51  Viking  
  104  17:54  Thor  
  112  18:01  SCV x5  
  112  18:04  Planetary Fortress  
  117  18:11  Thor  
  123  18:13  SCV  
  124  18:22  Thor x2  
  124  18:26  Thor  
  142  18:30  Widow Mine x2  
  146  18:38  Thor  
  152  18:47  Viking x2  
  154  18:53  Thor  
  154  18:54  Hellion, Cyclone  
  164  19:05  Cyclone  
  167  19:13  Refinery  
  167  19:14  Refinery  
  167  19:17  Widow Mine x2, Siege Tank x2  
  167  19:30  SCV x2  
  167  19:31  SCV  
  167  19:32  SCV  
  169  19:40  Widow Mine  
  169  19:41  Widow Mine x4  
  178  19:49  Refinery  
  178  19:50  Refinery  
  178  19:55  Missile Turret  
  178  19:58  Missile Turret  
  178  20:01  Siege Tank x2  
  178  20:02  Hellion  
  165  20:16  Missile Turret  
  160  20:25  Thor  
  140  20:30  Thor  
  140  20:32  Hellion x3  
  150  20:41  Widow Mine x2, Hellion  
  141  20:50  Viking x2  
  141  20:53  Widow Mine  
  115  21:00  Hellion x2  
  115  21:02  Hellion x2  
  115  21:03  Hellion  
  115  21:04  SCV x3  
  125  21:09  Hellion  
  126  21:14  Hellion  
  126  21:15  Hellion  
  126  21:17  SCV x3  
  133  21:20  Viking, SCV  
  133  21:21  Thor  
  133  21:22  Thor x3  
  142  21:28  Widow Mine, Thor, Command Center  
  142  21:29  SCV  
  142  21:30  Refinery  
  142  21:31  Viking  
  152  21:41  Thor  
  157  21:50  Viking  
  152  22:00  Thor  
  152  22:01  Viking  
  152  22:06  Hellion x3  
  152  22:15  SCV x2  
  154  22:16  SCV x3  
  154  22:20  Viking  
  159  22:24  Thor  
  159  22:26  Hellion x6  
  159  22:27  SCV  
  159  22:29  Sensor Tower  
  160  22:46  SCV  
  160  22:47  SCV x3, Command Center  
  160  22:49  Sensor Tower, Siege Tank x2  
  160  22:50  Hellion  
  160  22:51  Hellion  
  174  22:53  SCV  
  175  22:59  SCV  
  175  23:01  SCV  
  177  23:07  Siege Tank x2, Hellion  
  185  23:17  Siege Tank, Hellion  
  185  23:19  Widow Mine  
  190  23:21  Widow Mine  
  192  23:29  Refinery  
  192  23:42  Siege Tank x2, Hellion  
  186  23:57  Siege Tank x2, Hellion x2  
  145  24:16  Siege Tank x2  
  145  24:17  Hellion x2  
  136  24:30  Siege Tank  
  136  24:31  Hellion x2  
  143  24:35  Siege Tank  
  143  24:38  Hellion  
  148  24:39  Hellion  
  148  24:40  Planetary Fortress  
  150  24:49  Hellion x2  
  150  24:52  Hellion x2  
  158  24:59  Hellion  
  158  25:00  Hellion  
  158  25:03  Hellion  
  162  25:07  Hellion  
  162  25:10  Hellion x2  
  162  25:13  Hellion  
  162  25:14  Hellion  
  159  25:18  Viking x2, Command Center  
  159  25:19  Refinery  
  159  25:21  Hellion, Refinery  
  153  25:22  Hellion  
  153  25:24  Hellion  
  153  25:29  Hellion  
  153  25:31  Hellion x2  
  153  25:34  Thor  
  145  25:43  Thor  
  145  25:48  Viking x2  
  155  26:14  Siege Tank x2  
  155  26:15  Siege Tank x2, Hellion  
  155  26:16  Hellion  
  155  26:18  Viking x2, Hellion  
  175  26:26  Hellion  
  177  26:37  Hellion x2  
Show
View Real Time Build Order
Export as new Build Order

Mez Terran 

Build Orders: Cyclone Opening 

Get SALT Encoding   

  12  0:00  SCV  
  13  0:12  SCV  
  14  0:17  Supply Depot  
  14  0:25  SCV  
  15  0:38  SCV  
  15  0:40  Barracks  
  16  0:44  Refinery  
  16  0:50  SCV  
  16  0:52  Refinery  
  17  1:03  SCV  
  18  1:15  SCV  
  19  1:28  Reaper  
  19  1:29  Orbital Command  
  19  1:31  Supply Depot  
  20  1:41  Factory  
  20  1:55  SCV  
  21  2:03  Barracks Reactor  
  21  2:08  SCV  
  22  2:20  SCV  
  23  2:27  Factory Tech Lab  
  23  2:30  Command Center  
  23  2:32  SCV  
  23  2:34  Supply Depot  
  24  2:45  Marine  
  24  2:46  Cyclone  
  24  2:48  SCV  
  29  3:00  Starport  
  29  3:01  SCV  
  29  3:04  Marine  
  29  3:05  Marine  
  32  3:16  Supply Depot  
  32  3:18  Cyclone  
  35  3:22  SCV  
  35  3:25  Marine  
  35  3:26  Marine  
  37  3:41  Starport Tech Lab  
  37  3:42  Marine  
  37  3:43  Orbital Command  
  37  3:44  Marine  
  37  3:45  SCV  
  40  3:56  Refinery  
  40  4:02  Raven  
  40  4:04  SCV  
  40  4:07  Marine x2  
  45  4:10  SCV  
  45  4:16  SCV  
  47  4:22  SCV  
  47  4:23  Siege Tank  
  51  4:28  SCV  
  52  4:31  Supply Depot  
  52  4:34  SCV  
  53  4:39  Marine x2  
  53  4:41  SCV  
  56  4:46  SCV  
  56  4:48  Raven  
  59  4:53  SCV  
  59  4:54  Supply Depot  
  59  4:57  Marine x2  
  59  4:58  SCV  
  63  5:00  Siege Tank  
  63  5:02  Supply Depot  
  67  5:07  SCV  
  67  5:10  SCV  
  68  5:19  SCV  
  69  5:23  SCV  
  69  5:26  Command Center  
  70  5:32  SCV  
  70  5:35  Siege Tank, SCV  
  75  5:40  Viking x2  
  79  5:47  Stimpack, Refinery, SCV x2  
  81  5:53  Supply Depot  
  81  5:54  Supply Depot  
  81  5:59  SCV x2  
  83  6:07  Barracks  
  83  6:09  Barracks  
  83  6:32  SCV x2, Marine  
  82  6:33  Viking x2  
  82  6:36  Siege Tank  
  82  6:38  Barracks  
  82  6:39  Barracks  
  90  6:44  SCV x2  
  92  6:50  Marine  
  92  6:52  Engineering Bay x2  
  74  7:13  Barracks Reactor  
  74  7:14  Barracks Tech Lab  
  71  7:29  Barracks Tech Lab x2  
  64  7:30  SCV x2  
  64  7:31  Orbital Command  
  66  7:38  Terran Infantry Armor Level 1, Terran Infantry Weapons Level 1  
  66  7:41  Supply Depot  
  66  7:42  Combat Shield, Marauder x2, Supply Depot  
  66  7:43  Supply Depot  
  70  7:44  Refinery, Medivac x2  
  70  7:45  Refinery  
  70  7:47  SCV x2  
  70  7:48  Concussive Shells  
  70  7:49  Siege Tank  
  79  7:58  Marine x3, Marauder  
  83  7:59  SCV  
  83  8:05  SCV x2  
  87  8:11  SCV, Marauder x2  
  92  8:16  Marauder  
  92  8:17  SCV x2  
  96  8:21  Supply Depot  
  96  8:23  SCV, Marine, Supply Depot  
  96  8:24  Marine, Marauder  
  101  8:29  SCV x2  
  103  8:44  Marine x2  
  103  8:45  Marine, Marauder x3  
  108  8:49  SCV x3  
  108  8:54  Factory  
  108  8:55  Command Center  
  111  8:57  Medivac x2  
  111  8:58  Armory  
  111  9:01  Marine  
  116  9:08  Marauder x2  
  116  9:09  Marauder x2  
  127  9:10  Siege Tank  
  127  9:33  Marine x2, Marauder x4  
  127  9:35  Medivac x2  
  141  9:50  Marine  
  141  9:51  Marine  
  130  9:56  Marine, Marauder x3  
  117  10:02  Siege Tank  
  117  10:03  Terran Infantry Armor Level 2, Terran Infantry Weapons Level 2, Factory Tech Lab  
  120  10:08  Marine x2, Barracks  
  120  10:09  Barracks x2  
  124  10:14  Marauder  
  124  10:17  Marauder  
  124  10:19  Marauder x2  
  130  10:23  Siege Tank  
  130  10:25  Viking x2  
  137  10:37  Marine  
  137  10:38  Marine, Marauder  
  137  10:39  Marine, Marauder  
  137  10:40  Marauder  
  122  10:55  Viking x2  
  122  10:56  Barracks Tech Lab x2  
  109  10:58  Barracks Reactor, Marine x2, Marauder  
  109  10:59  Marauder, Starport  
  109  11:00  Marauder  
  109  11:01  Marine  
  109  11:02  Planetary Fortress  
  109  11:04  SCV x2  
  122  11:18  Marine x2, Marauder, Starport  
  122  11:19  Marine, Marauder  
  130  11:25  Siege Tank x2  
  130  11:26  Marine x2, Marauder  
  130  11:27  SCV  
  130  11:29  SCV  
  139  11:54  Marine x3, Marauder x5  
  141  12:03  Marauder  
  141  12:04  Siege Tank x2  
  141  12:05  Viking x2  
  141  12:06  Starport Reactor  
  152  12:11  Starport Tech Lab  
  152  12:14  Fusion Core  
  152  12:15  Terran Ship Weapons Level 1, Marauder  
  151  12:20  Marine x3, Marauder x2  
  151  12:21  Marine, Marauder  
  154  12:44  Marine x3, Marauder x5  
  154  12:51  Command Center  
  159  13:02  Refinery  
  147  13:07  Refinery  
  147  13:08  Marauder x2  
  147  13:09  Marine x4, Marauder x4  
  146  13:15  Terran Infantry Armor Level 3, Terran Infantry Weapons Level 3, Viking x2  
  148  13:26  Marine  
  143  13:41  Marauder x6  
  153  13:44  Command Center  
  153  13:47  Viking x2  
  151  13:59  Viking  
  151  14:02  Marauder x3  
  154  14:12  Viking x2, Marauder x2  
  154  14:15  Orbital Command  
  162  14:28  Viking x2  
  162  14:29  Viking  
  162  14:30  Liberator x2  
  168  14:33  Advanced Ballistics  
  152  15:15  Marauder x3  
  152  15:16  Viking x3, Marauder  
  152  15:21  Planetary Fortress  
  162  15:30  Viking, Liberator x2  
  162  15:32  Refinery  
  138  15:43  Siege Tank x2  
  138  15:48  Viking x2  
  143  15:51  Marine x3, Marauder x5  
  156  16:02  Marauder  
  158  16:09  Liberator  
  158  16:10  SCV  
  159  16:12  Marauder x3  
  159  16:13  Refinery  
  163  16:25  Viking x2  
  167  16:29  Marine, Marauder  
  167  16:30  Marauder x2  
  157  16:41  Liberator x2  
  146  16:58  Liberator x3  
  154  17:01  Marine, Marauder  
  154  17:02  Marauder x2  
  123  17:24  Marine x2, Marauder x3, Liberator x2  
  123  17:25  Marauder x3  
  127  17:31  Orbital Command  
  126  17:53  Orbital Command  
  126  18:03  Siege Tank x2  
  132  18:07  Marauder x6  
  132  18:11  SCV x2  
  146  18:25  Terran Ship Weapons Level 2  
  146  18:35  Siege Tank x2  
  150  18:58  Marauder x4  
  150  18:59  Marauder x2  
  160  19:07  Siege Tank x2, Liberator x2  
  160  19:08  Liberator x2  
  166  19:19  Marauder  
  166  19:20  Marauder  
  166  19:21  Liberator  
  179  19:58  SCV x5  
  184  20:10  SCV x3, Liberator  
  184  20:11  SCV x2  
  166  20:22  SCV  
  166  20:23  SCV x2  
  166  20:25  Siege Tank x2  
  166  20:26  Marauder  
  166  20:27  Marauder x4  
  159  20:28  Marine x4  
  159  20:29  Marauder  
  140  20:46  Marine x2  
  121  20:52  Marine x2, Marauder x6  
  124  21:03  SCV  
  124  21:04  SCV x4, Marine  
  129  21:06  Refinery  
  129  21:07  Refinery  
  129  21:09  Siege Tank  
  129  21:10  Siege Tank  
  136  21:13  Marauder x3  
  136  21:14  Marauder  
  136  21:15  SCV  
  136  21:16  SCV x3  
  148  21:29  Marine x2, Marauder x2  
  148  21:30  Marine x2  
  156  21:34  Marine x4  
  156  21:35  Command Center  
  156  21:39  Command Center, Liberator x3  
  151  21:55  Viking  
  151  21:56  Viking  
  151  21:57  Marauder x2  
  134  22:14  Siege Tank x2  
  140  22:16  Marine x4, Marauder x3  
  150  22:27  Sensor Tower  
  150  22:33  Sensor Tower  
  145  22:44  Viking  
  145  22:46  Siege Tank x2, Liberator  
  153  22:56  Planetary Fortress  
  153  22:57  Refinery, Orbital Command  
  153  22:59  Refinery  
  156  23:09  Marine x9  
  156  23:10  Marine  
  166  23:17  Liberator x2  
  166  23:18  Liberator x2  
  165  23:27  Marine x3  
  165  23:28  Orbital Command  
  168  23:36  Marine x4  
  168  23:37  Marine x3  
  187  23:45  Marine x3  
  190  23:54  Marine x2  
  185  24:01  Marine x5  
  148  24:02  Marine  
  148  24:03  Marine x2  
  148  24:05  Siege Tank x2  
  130  24:12  Marine x2  
  109  24:17  Viking x2  
  109  24:19  Marauder x4  
  109  24:20  Marine x2, Marauder  
  117  24:28  Viking x2  
  117  24:29  Marine  
  117  24:30  Marine, Marauder  
  108  24:38  Marine x2  
  108  24:39  Siege Tank x2  
  108  24:40  Marine x4  
  108  24:41  Marauder  
  122  24:47  Marine x2  
  123  24:55  Viking x2  
  123  25:13  Marine x4, Marauder x5  
  116  25:21  Marine  
  116  25:25  Viking x3  
  121  25:31  Marine x3  
  108  25:40  Marine, Marauder x3  
  111  25:52  Viking x2, Orbital Command  
  115  26:07  Viking x3  
  120  26:15  Marauder x4  
  128  26:20  SCV x3  
Tags
 
Composition
Mech
Matchup
TvT
Race
Terran
Spawn Locations
Cross Positions
Add a new tag
Caveats
  • Supply blocks, unpowered buildings, or Contaminate may cause inaccurate times.
  • Supply counts are checked every 10 seconds.